Map: Sueño ártico EE

Players

MrFercho

  • Race: Zerg Zerg
  • League: Silver
  • Spawn Location: 5:00

TATORREA

  • Race: Protoss Protoss
  • League: Silver
  • Spawn Location: 6:00

CMoya - Winner!

  • Race: Zerg Zerg
  • Spawn Location: 12:00

RAULSANDOVAL - Winner!

  • Race: Protoss Protoss
  • League: Silver
  • Spawn Location: 11:00

VOD

Have the link to the VOD?

Description

Time

  • Played on: May 30, 2020, 7:54 p.m.
  • Length: 9:57
Show
View Real Time Build Order
Export as new Build Order

MrFercho Zerg 

Build Orders: Pool First 

Get SALT Encoding   

  12  0:05  Drone  
  13  0:18  Drone  
  14  0:27  Extractor x2  
  12  0:29  Drone x2  
  16  0:54  Spawning Pool  
  15  1:40  Hatchery  
  15  1:41  Hatchery  
  13  1:49  Extractor  
  13  1:53  Extractor  
  11  1:57  Overlord x3  
  11  2:17  Spine Crawler  
  10  2:45  Queen  
  10  2:50  Zergling x6  
  14  3:35  Zergling x10  
  14  3:36  Zergling x8  
  23  3:51  Drone  
  23  3:52  Drone x2  
  26  4:16  Roach Warren  
  25  4:19  Drone  
  25  4:20  Drone x2  
  28  4:28  Drone  
  29  4:55  Drone x3  
  32  5:00  Zergling x8  
  36  5:13  Drone x2  
  36  5:14  Drone  
  39  5:17  Drone  
  28  5:52  Roach  
  28  5:53  Roach x6  
  38  6:20  Lair  
  38  6:28  Drone  
  38  6:29  Drone x4  
  38  6:30  Drone  
  44  6:36  Extractor x2  
  42  6:43  Evolution Chamber  
  41  6:48  Evolution Chamber, Pneumatized Carapace  
  41  6:52  Drone x3  
  43  7:32  Spire  
  43  7:34  Infestation Pit  
  41  7:39  Metabolic Boost  
  41  7:44  Zergling x18  
  29  8:47  Mutalisk  
  29  8:48  Mutalisk x4  
  33  8:53  Zergling x14  
  44  9:04  Zergling x2  
  44  9:05  Zergling x4  
Show
View Real Time Build Order
Export as new Build Order

TATORREA Protoss 

Build Orders:  

Get SALT Encoding   

  12  0:01  Probe  
  13  0:19  Probe  
  14  0:28  Pylon  
  14  0:31  Probe  
  15  0:46  Probe  
  16  0:58  Gateway, Probe  
  17  1:10  Assimilator, Probe  
  18  1:17  Pylon  
  18  1:22  Probe  
  19  1:34  Probe  
  19  1:37  Assimilator  
  20  1:40  Gateway  
  20  1:46  Probe  
  21  1:58  Gateway, Probe  
  21  1:59  Cybernetics Core  
  22  2:35  Nexus  
  22  2:42  Warp Gate (Chrono Boost)  
  22  2:45  Probe  
  22  2:48  Stalker  
  22  2:50  Stalker  
  27  2:57  Sentry  
  29  3:11  Probe  
  30  3:23  Probe  
  31  3:44  Pylon  
  31  3:46  Stalker (Chrono Boost)  
  31  3:47  Probe  
  31  3:48  Pylon  
  34  3:53  Stalker (Chrono Boost)  
  34  3:55  Stalker (Chrono Boost)  
  38  4:06  Probe  
  38  4:07  Probe  
  40  4:10  Sentry (Chrono Boost)  
  42  4:18  Probe  
  42  4:19  Probe  
  44  4:30  Probe  
  44  4:31  Probe  
  46  4:37  Gateway  
  46  4:38  Gateway  
  46  4:42  Forge  
  46  4:55  Twilight Council  
  46  4:58  Robotics Facility  
  46  5:00  Assimilator  
  46  5:05  Probe x2  
  46  5:06  Assimilator  
  48  5:17  Probe x2  
  50  5:29  Probe  
  37  6:09  Stalker  
  37  6:10  Stalker x3  
  37  6:11  Stalker  
  47  6:14  Observer  
  47  6:17  Protoss Ground Weapons Level 1  
  48  6:19  Charge  
  48  6:22  Probe  
  48  6:23  Probe  
  50  6:34  Probe, Warp Prism  
  50  6:35  Probe  
  50  6:37  Zealot x4  
  62  6:46  Pylon  
  62  6:49  Pylon  
  62  6:52  Pylon  
  62  6:57  Pylon  
  62  7:01  Pylon  
  62  7:04  Probe x2  
  62  7:07  Nexus  
  64  7:09  Stalker x3  
  64  7:11  Sentry  
  64  7:12  Sentry  
  74  7:17  Probe x2  
  76  7:40  Zealot  
  76  7:41  Zealot x4  
  49  8:17  Stalker x4  
  49  8:18  Stalker  
  57  8:29  Probe  
  57  8:30  Probe  
  57  8:33  Probe  
  60  8:41  Probe  
  60  8:42  Probe  
  60  8:43  Zealot x3  
  60  8:44  Zealot x2  
  60  8:45  Probe  
  73  8:54  Probe x2  
  69  8:57  Probe  
  66  9:06  Probe x2  
  66  9:08  Stalker  
  66  9:09  Probe  
  59  9:18  Probe x2  
  59  9:21  Probe  
Show
View Real Time Build Order
Export as new Build Order

CMoya Zerg - Winner!

Build Orders: Hatch First 

Get SALT Encoding   

  12  0:01  Drone  
  13  0:08  Drone  
  14  0:20  Extractor  
  13  0:22  Extractor, Drone  
  13  0:23  Drone  
  13  0:27  Overlord  
  16  0:54  Hatchery, Drone  
  16  0:57  Drone  
  17  1:08  Drone  
  17  1:09  Drone  
  19  1:22  Spawning Pool  
  19  1:24  Extractor  
  17  1:29  Overlord  
  17  1:31  Drone  
  18  2:04  Drone x3  
  21  2:16  Spine Crawler  
  21  2:18  Drone  
  21  2:19  Queen  
  23  2:39  Drone x2  
  25  3:02  Extractor  
  25  3:04  Zergling x4  
  25  3:05  Roach Warren  
  25  3:17  Zergling x2  
  26  3:22  Drone  
  27  3:27  Drone x3  
  30  3:37  Zergling x6  
  30  3:39  Metabolic Boost  
  33  3:51  Roach  
  33  3:52  Overlord x2  
  33  3:53  Overlord  
  35  4:09  Roach, Evolution Chamber  
  36  4:11  Zergling x2  
  37  4:20  Ravager  
  37  4:22  Lair  
  38  4:27  Drone x4  
  42  4:37  Ravager  
  43  4:40  Zergling x4  
  45  4:54  Zerg Missile Weapons Level 1  
  45  5:03  Drone x4  
  49  5:10  Roach x2  
  53  5:17  Roach x2  
  52  5:40  Zergling x2  
  52  5:41  Zergling x6  
  46  6:02  Zergling x4  
  46  6:03  Zergling x8  
  51  6:15  Glial Reconstitution  
  51  6:24  Overseer, Hydralisk Den  
  50  6:26  Pneumatized Carapace  
  50  6:41  Zergling x2  
  50  6:43  Overlord x5  
  51  6:47  Spore Crawler  
  50  6:56  Extractor, Drone x2  
  50  6:57  Extractor  
  50  7:00  Spore Crawler  
  49  7:08  Grooved Spines  
  49  7:10  Zerg Ground Armor Level 1  
  49  7:14  Hydralisk  
  51  7:23  Hydralisk  
  53  7:34  Hydralisk  
  55  7:42  Hatchery  
  54  7:49  Hydralisk x2  
  48  8:23  Zergling x2  
  48  8:24  Zergling x14  
  48  8:25  Zergling x2  
  57  8:40  Hydralisk x2  
  61  8:55  Zergling x4  
  61  8:56  Zergling x2  
  63  9:06  Hydralisk x2  
  63  9:07  Hydralisk  
  69  9:22  Hydralisk  
  69  9:23  Hydralisk x4  
  79  9:28  Hydralisk  
  77  9:43  Drone  
  77  9:44  Drone x3  
Show
View Real Time Build Order
Export as new Build Order

RAULSANDOVAL Protoss - Winner!

Build Orders:  

Get SALT Encoding   

  12  0:14  Probe (Chrono Boost)  
  13  0:21  Pylon  
  13  0:26  Probe (Chrono Boost)  
  14  0:30  Pylon  
  15  0:35  Probe (Chrono Boost)  
  15  0:49  Forge  
  15  1:07  Pylon  
  15  1:08  Probe (Chrono Boost)  
  16  1:14  Assimilator  
  17  1:18  Probe (Chrono Boost)  
  17  1:27  Photon Cannon  
  17  1:30  Photon Cannon  
  17  1:33  Probe  
  18  1:45  Probe  
  19  1:54  Gateway  
  19  1:58  Gateway  
  19  2:09  Probe (Chrono Boost)  
  20  2:19  Probe (Chrono Boost)  
  21  2:23  Assimilator  
  21  2:31  Gateway  
  21  2:36  Pylon, Probe  
  22  2:48  Probe  
  23  3:04  Zealot x2  
  23  3:05  Cybernetics Core  
  27  3:13  Pylon  
  27  3:16  Probe  
  28  3:23  Assimilator  
  28  3:28  Pylon  
  28  3:33  Assimilator  
  28  3:49  Nexus  
  28  3:57  Probe (Chrono Boost)  
  29  4:03  Warp Gate  
  29  4:16  Protoss Ground Weapons Level 1  
  29  4:20  Stalker  
  29  4:21  Twilight Council  
  29  4:22  Stalker  
  33  4:30  Stalker  
  35  4:49  Pylon  
  36  5:00  Probe (Chrono Boost)  
  36  5:03  Probe (Chrono Boost)  
  37  5:13  Probe (Chrono Boost)  
  38  5:18  Probe (Chrono Boost)  
  31  5:29  Zealot  
  31  5:30  Probe, Zealot x2  
  31  5:32  Charge  
  36  5:42  Probe  
  37  5:49  Photon Cannon  
  37  5:54  Pylon  
  37  6:15  Robotics Facility  
  37  6:16  Probe (Chrono Boost)  
  38  6:25  Protoss Ground Armor Level 1  
  39  6:26  Stalker x3, Probe (Chrono Boost)  
  39  6:31  Probe (Chrono Boost)  
  45  6:35  Pylon  
  46  6:43  Gateway, Probe  
  46  6:46  Pylon  
  47  6:49  Stalker x2  
  47  6:52  Stalker  
  53  6:55  Probe  
  54  7:07  Probe (Chrono Boost)  
  55  7:18  Probe (Chrono Boost)  
  55  7:19  Gateway  
  55  7:22  Photon Cannon, Probe (Chrono Boost)  
  56  7:27  Photon Cannon  
  56  7:29  Blink  
  57  7:33  Probe  
  58  7:37  Observer  
  58  7:43  Stalker  
  61  7:45  Stalker, Probe  
  61  7:50  Stalker  
  66  7:59  Observer  
  61  8:20  Observer  
  62  8:32  Probe (Chrono Boost)  
  64  8:41  Observer  
  64  8:42  Probe (Chrono Boost)  
  64  8:47  Probe (Chrono Boost)  
  66  8:58  Probe  
  67  9:03  Observer  
  64  9:43  Stalker x3  
  64  9:44  Stalker x2  
Tags
 
Add a new tag
Caveats
  • Supply blocks, unpowered buildings, or Contaminate may cause inaccurate times.
  • Supply counts are checked every 10 seconds.